 Dungeon Crawl Stone Soup version 0.24.0-13-gcf9b319 (webtiles) character file.

Game seed: 9462150839314697039, levelgen mode: deterministic

5477 Balder the Spear-Bearer (level 10, -3/75 HPs)
             Began as a Minotaur Fighter on May 31, 2020.
             Was a Priest of Hepliaklqana.
             Killed by divine providence
             ... invoked by a meliai
              (15 damage)
             ... on level 10 of the Dungeon.
             The game lasted 00:40:28 (8449 turns).

Balder the Spear-Bearer (Minotaur Fighter)          Turns: 8449, Time: 00:40:29

Health: -3/75      AC: 23    Str: 21    XL:     10   Next: 42%
Magic:  12/12      EV: 22    Int:  5    God:    Hepliaklqana [***...]
Gold:   497        SH: 11    Dex: 13    Spells: 9/9 levels left

rFire    . . .     SeeInvis .   a - +0 trident
rCold    . . .     Gourm    .   c - +0 shield
rNeg     . . .     Faith    .   D - +0 plate armour
rPois    +         Spirit   .   (helmet restricted)
rElec    .         Reflect  .   l - +2 cloak
rCorr    .         Harm     .   k - +1 pair of gloves
MR       +....                  F - +2 pair of boots
Stlth    ..........             p - amulet of the acrobat
HPRegen  0.22/turn              q - ring of poison resistance
MPRegen  0.13/turn              x - ring of protection from magic

@: acrobat
A: retaliatory headbutt, reduced essence, horns 2
a: Recall Ancestor, Ancestor Identity, Transference, Renounce Religion


You were on level 10 of the Dungeon.
You worshipped Hepliaklqana.
Hepliaklqana was most pleased with you.
You were not hungry.

You visited 1 branch of the dungeon, and saw 10 of its levels.

You collected 497 gold pieces.

Inventory:

Hand Weapons
 a - a +0 trident (weapon)
 b - a +2 morningstar of protection
 r - a +0 spear of freezing
 C - a +2 dagger of venom
 I - a +0 morningstar
Missiles
 i - 51 poisoned darts (quivered)
 y - 13 boomerangs
Armour
 c - a +0 shield (worn)
 k - a +1 pair of gloves (worn)
 l - a +2 cloak (worn)
 D - a +0 plate armour (worn)
 F - a +2 pair of boots (worn)
Magical Staves
 n - an uncursed staff of power {unknown}
Jewellery
 o - an uncursed amulet of the gourmand
 p - an amulet of the acrobat (around neck)
 q - a ring of poison resistance (left hand)
 x - a ring of protection from magic (right hand)
Wands
 v - a wand of flame (11)
 z - a wand of polymorph (4)
 A - a wand of disintegration (4)
 K - a wand of iceblast (3)
Scrolls
 j - 5 scrolls of identify
 m - 5 scrolls of teleportation
 s - 2 scrolls of remove curse {unknown}
 B - a scroll of holy word {unknown}
Potions
 d - 2 potions of might
 e - 2 potions of agility
 g - a potion of brilliance {unknown}
 h - 4 potions of curing
 t - a potion of ambrosia {unknown}
 u - a potion of lignification {unknown}
 w - a potion of degeneration {unknown}
 E - a potion of heal wounds {unknown}
 G - a potion of berserk rage {unknown}
 J - 2 potions of mutation {unknown}
Comestibles
 f - 14 rations
 H - 10 chunks of flesh


   Skills:
 * Level 6.6 Fighting
 - Level 0.4 Short Blades
 * Level 0.1 Maces & Flails
 * Level 9.0 Polearms
 * Level 4.0 Throwing
 * Level 8.6 Armour
 * Level 4.9 Dodging
 * Level 4.2 Stealth
 * Level 8.7 Shields
 * Level 4.2 Invocations
 + Level 0.2 Evocations


You had 9 spell levels left.
You didn't know any spells.
Your spell library contained the following spells:

 Spells                   Type           Power        Failure   Level  Hunger
 Confusing Touch          Hex            #.....       100%        1    ##.....
 Confuse                  Hex            #.......     100%        3    ####...
 Gell's Gravitas          Tloc           #.........   100%        3    ####...
 Petrify                  Tmut/Erth      #.......     100%        4    #####..
 Metabolic Englaciation   Hex/Ice        #.........   100%        5    ######.
 Yara's Violent Unravell  Hex/Tmut       #.........   100%        5    ######.


Dungeon Overview and Level Annotations

Branches:
Dungeon (11/15)            Temple (0/1) D:6            Lair (0/6) D:10
    Orc: D:9-12

Altars:
Ashenzari
Hepliaklqana
Kikubaaqudgha
Okawaru
Trog
Wu Jian
Xom
The Shining One


Innate Abilities, Weirdness & Mutations

You reflexively headbutt those who attack you in melee.
You have a pair of horns on your head.
Your life essence is reduced to manifest your ancestor. (-10% HP)


Message History

The meliai hits you but does no damage. You block the meliai's attack.
The meliai hits you but does no damage. The meliai barely misses you. x2
You furiously retaliate!
You headbutt the meliai! You block the meliai's attack.
The meliai calls upon its god to heal the meliai.
The meliai is healed somewhat.
You closely miss the meliai.
The meliai is moderately wounded.
You block the meliai's attack. x2
The meliai calls down the wrath of its god upon you.
Something smites you! The meliai barely misses you.
The meliai stings you but does no damage.
The meliai hits you with a +0 hand axe.
The meliai stings you but does no damage.
The meliai hits you with a +0 war axe of electrocution!
* * * LOW HITPOINT WARNING * * *
You block the meliai's attack.
The meliai invokes the aid of its god against you.
Something smites you!
You die...

#.# ###.### #.#
#.....# #.# #.....#
#.# .###..... #.#
.../....< #.#
........#########.#
.......y#.........#
#...yy@........#
#....#........##
#?...#........#
.......#......[.#
######.#........####
..#...........#
#############.# #.##
#..#


You could see 3 meliai.

Vanquished Creatures
  A hippogriff (D:7)
  A wyvern (D:8)
  A hungry ghost (D:7)
  Duvessa (D:7)
  A water moccasin (D:7)
  An ice beast (D:8)
  2 sky beasts
  2 black bears
  2 phantoms (D:8)
  3 orc warriors
  5 ogres
  5 centaurs
  An eye of draining (D:8)
  4 bullfrogs
  A wyvern zombie (D:7)
  Dowan (D:7)
  A scorpion (D:7)
  12 killer bees (D:8)
  An electric eel (D:8)
  3 crimson imps
  2 howler monkeys (D:7)
  2 hounds
  A jelly (D:7)
  2 orc priests
  5 iguanas
  Ijyb (D:5)
  4 orc wizards
  5 worker ants
  A hound skeleton (D:4)
  5 gnolls
  4 adders
  3 shadow imps
  3 oozes
  3 adder skeletons (D:5)
  4 worms
  A dart slug (D:1)
  6 leopard geckos
  16 orcs
  3 bats
  9 giant cockroaches
  5 goblins
  12 hobgoblins
  9 jackals
  5 kobolds
  5 quokkas
  A ball python (D:3)
  9 frilled lizards
  A jackal skeleton (D:5)
  A leopard gecko skeleton (D:6)
  5 rats
182 creatures vanquished.

Vanquished Creatures (collateral kills)
  A queen bee (D:8)
  An orc warrior (D:10)
  A sky beast (D:8)
  A phantom (D:5)
  A bullfrog (D:7)
  A scorpion (D:8)
  4 killer bees (D:8)
  A howler monkey (D:7)
  A crimson imp (D:5)
  A jelly (D:6)
  2 orc priests (D:5)
  A hound (D:7)
  An orc wizard (D:7)
  A worker ant (D:8)
  A hound zombie (D:6)
  A hound skeleton (D:6)
  4 gnolls
  An adder (D:4)
  An adder skeleton (D:6)
  A leopard gecko (D:8)
  9 orcs
  A hobgoblin (D:3)
  A jackal (D:3)
  A frilled lizard (D:4)
39 creatures vanquished.

Vanquished Creatures (others)
  An orc wizard (D:8)
  3 hexers
  A gnoll (D:6)
  7 ancestors
12 creatures vanquished.

Grand Total: 233 creatures vanquished

Notes
Turn   | Place    | Note
-------+----------+-------------------------------------------
     0 | D:1      | Balder the Minotaur Fighter began the quest for the Orb.
     0 | D:1      | Reached XP level 1. HP: 19/19 MP: 0/0
   116 | D:1      | Reached XP level 2. HP: 17/27 MP: 1/1
   766 | D:1      | Reached XP level 3. HP: 33/33 MP: 2/2
  1310 | D:2      | Reached skill level 3 in Polearms
  1472 | D:2      | Reached XP level 4. HP: 35/40 MP: 3/3
  1473 | D:2      | Found an ancient bone altar of Kikubaaqudgha.
  1578 | D:2      | Found a glowing golden altar of the Shining One.
  1578 | D:2      | Found a hazy altar of Hepliaklqana.
  1588 | D:2      | Became a worshipper of Hepliaklqana the Forgotten
  2239 | D:4      | Noticed an ogre
  2258 | D:4      | Killed an ogre
  2258 | D:4      | Reached skill level 1 in Throwing
  2258 | D:4      | Reached skill level 1 in Dodging
  2258 | D:4      | Reached skill level 1 in Stealth
  2258 | D:4      | Reached XP level 5. HP: 42/42 MP: 4/4
  2475 | D:4      | Reached skill level 4 in Polearms
  2571 | D:4      | Reached XP level 6. HP: 25/47 MP: 5/5
  2589 | D:4      | Reached skill level 1 in Invocations
  2694 | D:4      | Reached * piety under Hepliaklqana
  2911 | D:4      | Found a glowing drain.
  3217 | D:4      | Found a radiant altar of Vehumet.
  3220 | D:4      | Found a shimmering altar of Xom.
  3220 | D:4      | Found a shadowy altar of Dithmenos.
  3222 | D:4      | Found a glowing silver altar of Zin.
  3222 | D:4      | Found a sparkling altar of Nemelex Xobeh.
  3222 | D:4      | Found a glowing golden altar of the Shining One.
  3321 | D:5      | Entered Level 5 of the Dungeon
  3782 | D:5      | Reached skill level 5 in Polearms
  3785 | D:5      | Reached XP level 7. HP: 12/54 MP: 5/7
  4079 | D:5      | Reached skill level 5 in Armour
  4165 | D:5      | Noticed Ijyb
  4177 | D:5      | Killed Ijyb
  4177 | D:5      | Reached skill level 5 in Fighting
  4386 | D:5      | Reached ** piety under Hepliaklqana
  4454 | D:5      | Reached skill level 5 in Shields
  4782 | D:5      | Reached skill level 6 in Polearms
  4791 | D:5      | Reached XP level 8. HP: 51/61 MP: 8/8
  5528 | D:6      | Found a staircase to the Ecumenical Temple.
  5613 | D:6      | Reached skill level 7 in Polearms
  5730 | D:6      | Found a bloodstained altar of Trog.
  5877 | D:6      | Reached XP level 9. HP: 11/67 MP: 10/10
  6331 | D:7      | Noticed Duvessa
  6331 | D:7      | Noticed Dowan
  6342 | D:7      | Killed Dowan
  6385 | D:7      | Killed Duvessa
  6555 | D:7      | Reached skill level 8 in Polearms
  6705 | D:7      | Found a shattered altar of Ashenzari.
  6735 | D:7      | Found an iron altar of Okawaru.
  6905 | D:7      | Remembered your ancestor Shera as a hexer
  7043 | D:8      | Noticed a queen bee
  7508 | D:8      | Reached XP level 10. HP: 71/75 MP: 11/11
  7630 | D:8      | Reached *** piety under Hepliaklqana
  7699 | D:8      | Found an ornate altar of the Wu Jian Council.
  8256 | D:8      | You fall into a shaft and drop 3 floors!
  8279 | D:10     | Entered Level 10 of the Dungeon
  8298 | D:10     | Reached skill level 9 in Polearms
  8410 | D:10     | Found a staircase to the Lair.
  8449 | D:10     | Killed from afar by a meliai

Levels and vault maps discovered:
D:1:      dpeg_arrival_pits, layout_basic, hex_medium
D:2:      layout_rooms, marbit_many_paths, gammafunk_temple_overflow_pools,
          minmay_lizard_king
D:3:      layout_loops_cross, st_stairs_9, minmay_misc_feat_cross
D:4:      layout_basic, first_ration, gup_sewer_entry_glass, doesnt_xom_only_xom
D:5:      layout_basic, water_boxes_lemuel, uniq_ijyb
D:6:      layout_rooms, lightli_temple_of_fire, lemuel_temple_firewalk_a
D:7:      layout_cave_pools, kennysheep_mini, lemuel_doored_altar,
          lightli_corner_chamber, uniq_duvessa
D:8:      statuecave_lemuel, layout_loops_cross, led_sif_book,
          nicolae_overflow_crystal_walls, david_nohive_1
D:10:     layout_basic, lair_entry_dummy, wad_floor_pattern_1, uniq_urug
D:11:     layout_irregular_city, chequers_serial_rivers_small_a, uniq_snorg,
          uniq_psyche

Skill      XL: |  1  2  3  4  5  6  7  8  9 10 |
---------------+-------------------------------+-----
Fighting       | 4 5 6 |  6.6
Armour         | 4 5 6 8 |  8.6
Shields        | 4 5 6 7 8 |  8.7
Polearms       | 3 4 5 6 7 8 9 |  9.0
Throwing       | 1 2 3 4 |  4.0
Dodging        | 1 2 3 4 |  4.9
Stealth        | 1 2 3 4 |  4.2
Invocations    | 1 2 3 4 |  4.2
Short Blades   | |  0.4
Maces & Flails | |  0.1
Evocations     | |  0.2

Action                   |  1- 3 |  4- 6 |  7- 9 | 10-12 || total
-------------------------+-------+-------+-------+-------++-------
Melee: Trident           |   111 |   129 |   277 |   136 ||   653
       Headbutt          |    16 |    19 |    64 |    23 ||   122
       Dagger            |       |       |     1 |       ||     1
       Spear             |       |       |    64 |       ||    64
       Morningstar       |       |       |       |     7 ||     7
Throw: Dart              |     5 |    11 |    32 |    12 ||    60
Invok: Ancestor Identity |       |     1 |       |       ||     1
       Ancestor Life: He |       |       |     1 |       ||     1
       Recall Ancestor   |       |       |       |     1 ||     1
Evoke: Wand              |       |       |     7 |       ||     7
  Use: Scroll            |     3 |     1 |    11 |       ||    15
       Potion            |     1 |       |     6 |       ||     7
 Stab: Distracted        |       |       |     2 |     1 ||     3
       Confused          |       |       |     1 |     2 ||     3
  Eat: Chunk             |    13 |     7 |    12 |     4 ||    36
       Ration            |       |       |     1 |       ||     1
Armor: Scale mail        |    20 |       |       |       ||    20
       Chain mail        |    41 |    52 |    75 |       ||   168
       Plate armour      |       |       |    95 |    62 ||   157
Dodge: Dodged            |    20 |    27 |    90 |    59 ||   196
Block: Shield            |    42 |    47 |   189 |    93 ||   371
